AoeStats
← cherreraleyton

Golden Pit

510248553Analyzed
1v1 RM · 2d ago on Sep 30, 2026· 41m 59s· 2 players
Game mode
Random Map
Map size
Tiny (2 player)
Population
200
Speed
Normal
Resources
Standard
Victory
Conquest
Starting age
Dark Age
Ending age
Imperial Age
RankedLock teamsTeams togetherTeam positionsShared explorationLock speedFull tech treeHidden civsTurbo modeCheats
Victory
Defeat
🇲🇽 Sicilians · Mexico
1379
+12
🇨🇱 Mongols · Chile
1299
-12
scipio
6:14 Loom
9:09 Feudal Age
14:29 Double-Bit Axe
16:04 Fletching
18:56 Padded Archer Armor
24:47 Castle Age
24:32 Scale Barding Armor
24:40 Bloodlines
24:58 Forging
24:55 Horse Collar
25:07 Gold Mining
25:46 Husbandry
26:53 Chain Barding Armor
31:13 Bow Saw
32:13 Stone Mining
35:03 Wheelbarrow
34:14 Town Watch
39:41 Imperial Age
39:35 Bodkin Arrow
39:44 Heavy Plow
40:38 Iron Casting
40:00 Cavalier
cherreraleyton
7:31 Feudal Age
8:55 Loom
14:19 Double-Bit Axe
16:12 Fletching
19:08 Padded Archer Armor
23:15 Castle Age
22:30 Bloodlines
22:26 Scale Barding Armor
23:21 Crossbowman
26:49 Bodkin Arrow
30:21 Stone Mining
31:50 Husbandry
34:55 Gold Mining
36:06 Wheelbarrow
35:50 Bow Saw
39:17 Scale Barding Armor
39:23 Forging
Connection lost

Rejoining the realm…

Still unreachable

The connection could not be restored.

Session expired

The server has moved on; the page needs a fresh start.